 Dungeon Crawl Stone Soup version 0.28.0-45-g0d030f2227 (webtiles) character file.

Game seed: 14502018309069409341

1134 Ablot the Grasshopper (level 8, 0/64 HPs)
             Began as a Gnoll Warper on Apr 1, 2022.
             Slain by an acid dragon (1 damage)
             ... on level 5 of the Dungeon.
             The game lasted 00:08:26 (6337 turns).

Ablot the Grasshopper (Gnoll Warper)                Turns: 6337, Time: 00:08:28

Health: 0/64       AC:  1    Str: 13    XL:     8   Next: 36%
Magic:  17/17      EV: 13    Int: 12    God:
Gold:   258        SH:  0    Dex: 12    Spells: 17/19 levels left

rFire   . . .      SeeInvis +   v - +2 dagger (venom)
rCold   . . .      Faith    .   (no shield)
rNeg    . . .      Spirit   .   b - +0 leather armour
rPois   .          Reflect  .   (no helmet)
rElec   .          Harm     .   e - scarf {shadows}
rCorr   .          Rampage  .   p - +0 pair of gloves
Will    .....                   o - +0 pair of boots
Stlth   ++........              (no amulet)
HPRegen 0.20/turn               q - ring of see invisible
MPRegen 0.15/turn               (no ring)

@: corroded
A: fangs 1, strong nose, distributed training
a: no special abilities


You were on level 5 of the Dungeon.
You visited 1 branch of the dungeon, and saw 5 of its levels.

You collected 258 gold pieces.

Inventory:

Hand Weapons
 a - a +0 spear
 s - a +1 war axe of draining
 v - a +2 dagger of venom (weapon)
Missiles
 d - a boomerang of dispersal (quivered)
 g - 57 sling bullets
 k - 3 poisoned darts
 n - 66 arrows
 u - 58 stones
Armour
 b - a +0 leather armour (worn)
 e - a scarf of shadows (worn)
 o - a +0 pair of boots (worn)
 p - a +0 pair of gloves (worn)
Jewellery
 q - a ring of see invisible (left hand)
Scrolls
 c - a scroll of blinking
 h - a scroll of torment {unknown}
 i - 6 scrolls of teleportation {unknown}
 j - 4 scrolls of identify {unknown}
 l - 2 scrolls of enchant weapon {unknown}
 y - a scroll of noise {unknown}
Potions
 f - a potion of curing {unknown}
 m - a potion of heal wounds {unknown}
 r - a potion of resistance {unknown}
 t - a potion of haste {unknown}
 w - a potion of flight {unknown}
 z - a potion of attraction {unknown}


   Skills:
 + Level 5.6 Fighting
 + Level 3.2 Short Blades
 + Level 3.2 Long Blades
 + Level 3.2 Axes
 + Level 3.2 Maces & Flails
 + Level 5.6 Polearms
 + Level 3.2 Staves
 + Level 3.2 Slings
 + Level 3.2 Bows
 + Level 3.2 Crossbows
 + Level 4.1 Throwing
 + Level 4.1 Armour
 + Level 5.6 Dodging
 + Level 3.2 Stealth
 + Level 3.2 Shields
 + Level 3.2 Unarmed Combat
 + Level 6.0 Spellcasting
 + Level 2.6 Conjurations
 + Level 2.6 Hexes
 + Level 2.6 Summonings
 + Level 2.6 Necromancy
 + Level 6.1 Translocations
 + Level 2.6 Transmutations
 + Level 2.6 Fire Magic
 + Level 2.6 Ice Magic
 + Level 2.6 Air Magic
 + Level 2.6 Earth Magic
 + Level 2.6 Poison Magic
 + Level 3.5 Invocations
 + Level 3.2 Evocations


You had 17 spell levels left.
You knew the following spells:

 Your Spells              Type           Power      Damage    Failure   Level
a - Blink                 Tloc           36%        N/A       2%          2

Your spell library contained the following spells:

 Spells                   Type           Power      Damage    Failure   Level
 Gell's Gravitas          Tloc           18%        N/A       5%          3
 Lesser Beckoning         Tloc           18%        N/A       5%          3
 Teleport Other           Tloc           18%        N/A       5%          3
 Stone Arrow              Conj/Erth      18%        3d8       22%         3
 Manifold Assault         Tloc           18%        N/A       45%         5
 Animate Armour           Summ/Erth      18%        N/A       58%         4
 Lehudib's Crystal Spear  Conj/Erth      4%         10d3      100%        8


Dungeon Overview and Level Annotations

Branches:
Dungeon (5/15)
 Temple: D:4-7

Altars:
Uskayaw

Annotations:
D:4 2 transporters


Innate Abilities, Weirdness & Mutations

You have very sharp teeth.
Your uncanny sense of smell can sniff out nearby items.
Your experience applies equally to all skills.


Message History

You hit the acid dragon.
The acid dragon is moderately wounded.
The acid dragon barely misses you. The acid dragon misses you.
You hit the acid dragon.
The acid dragon is heavily wounded.
The acid dragon closely misses you.
The acid dragon claws you but does no damage.
You barely miss the acid dragon.
The acid dragon is heavily wounded.
The acid dragon barely misses you. The acid dragon closely misses you.
You hit the acid dragon but do no damage.
The acid dragon is heavily wounded.
The acid dragon spits acid at you. The splash of acid hits you!
The acid corrodes you!
You hit the acid dragon but do no damage.
The acid dragon is heavily wounded.
The acid dragon bites you. The acid dragon misses you.
You hit the acid dragon but do no damage.
The acid dragon looks even sicker.
Your punch misses the acid dragon.
The acid dragon is heavily wounded.
You hit the acid dragon but do no damage.
The acid dragon is heavily wounded.
The acid dragon barely misses you. The acid dragon claws you.
* * * LOW HITPOINT WARNING * * *
You hit the acid dragon but do no damage.
The acid dragon is heavily wounded.
The acid dragon completely misses you. The acid dragon claws you.
* * * LOW HITPOINT WARNING * * *
You hit the acid dragon but do no damage.
The acid dragon looks as sick as possible!
You bite the acid dragon, but do no damage.
The acid dragon is heavily wounded.
The acid dragon barely misses you. The acid dragon misses you.
You barely miss the acid dragon.
You punch the acid dragon, but do no damage.
The acid dragon is heavily wounded.
The acid dragon bites you!
* * * LOW HITPOINT WARNING * * *
The acid dragon claws you.
You die...

#......####....##...............
######...#####..#.........######
#.###.######.#.........#
#.........##.#.........#####.
###.....#....................
####....##.#.........#####.
##.#................#
#.####.##..........## #..
#@##...........# ##..
#D.#########.#.### ....# #.....#
##.#.# ###.... #...# ####. #?...
## #.. ..


You could see an acid dragon (extremely poisoned).

Vanquished Creatures
  A necrophage (D:4)
  A black bear (D:4)
  3 ogres
  A bullfrog (D:4)
  2 scorpions
  A howler monkey (D:5)
  3 hounds
  3 orc priests
  Jessica (D:3)
  2 iguanas (D:4)
  2 orc wizards
  A hound skeleton (D:5)
  6 adders
  A shadow imp (D:5)
  2 worms
  17 orcs
  8 ball pythons
  5 endoplasms
  3 giant cockroaches
  10 goblins
  7 hobgoblins
  7 jackals (D:1)
  A quokka (D:1)
  A bat (D:3)
  4 frilled lizards
  2 kobolds (D:1)
  2 rats (D:1)
97 creatures vanquished.

Notes
Turn   | Place    | Note
-------+----------+-------------------------------------------
     0 | D:1      | Ablot the Gnoll Warper began the quest for the Orb.
     0 | D:1      | Reached XP level 1. HP: 20/20 MP: 6/6
    34 | D:1      | Reached XP level 2. HP: 25/26 MP: 7/7
    43 | D:1      | Learned a level 2 spell: Blink
   285 | D:1      | Found a faded altar of an unknown god.
   788 | D:1      | Reached XP level 3. HP: 31/31 MP: 9/9
   817 | D:1      | Reached skill level 5 in Spellcasting
  1366 | D:2      | Reached skill level 1 in Invocations
  1635 | D:2      | Noticed an ogre
  1668 | D:2      | Reached skill level 1 in Short Blades
  1668 | D:2      | Reached skill level 1 in Long Blades
  1668 | D:2      | Reached skill level 1 in Axes
  1668 | D:2      | Reached skill level 1 in Maces & Flails
  1668 | D:2      | Reached skill level 1 in Staves
  1668 | D:2      | Reached skill level 1 in Slings
  1668 | D:2      | Reached skill level 1 in Bows
  1668 | D:2      | Reached skill level 1 in Crossbows
  1668 | D:2      | Reached skill level 1 in Stealth
  1668 | D:2      | Reached skill level 1 in Shields
  1668 | D:2      | Reached skill level 1 in Unarmed Combat
  1668 | D:2      | Reached skill level 1 in Evocations
  1668 | D:2      | Reached XP level 4. HP: 32/38 MP: 11/11
  1676 | D:2      | Killed an ogre
  1677 | D:2      | Reached skill level 1 in Conjurations
  1677 | D:2      | Reached skill level 1 in Hexes
  1677 | D:2      | Reached skill level 1 in Summonings
  1677 | D:2      | Reached skill level 1 in Necromancy
  1677 | D:2      | Reached skill level 1 in Transmutations
  1677 | D:2      | Reached skill level 1 in Fire Magic
  1677 | D:2      | Reached skill level 1 in Ice Magic
  1677 | D:2      | Reached skill level 1 in Air Magic
  1677 | D:2      | Reached skill level 1 in Earth Magic
  1677 | D:2      | Reached skill level 1 in Poison Magic
  1677 | D:2      | Reached XP level 5. HP: 14/43 MP: 7/12
  2291 | D:3      | Noticed Jessica
  2300 | D:3      | Killed Jessica
  2943 | D:3      | Reached XP level 6. HP: 44/50 MP: 13/13
  3694 | D:4      | Noticed a black bear
  3698 | D:4      | Reached skill level 5 in Fighting
  3698 | D:4      | Reached skill level 5 in Polearms
  3698 | D:4      | Reached skill level 5 in Dodging
  3774 | D:4      | Found a transporter.
  3780 | D:4      | Found a transporter.
  4646 | D:4      | Reached XP level 7. HP: 56/56 MP: 15/15
  4667 | D:4      | Found a hide-covered altar of Uskayaw.
  5338 | D:5      | Entered Level 5 of the Dungeon
  5718 | D:4      | Reached XP level 8. HP: 46/63 MP: 16/16
  6337 | D:5      | HP: 1/64 [acid dragon (14)]
  6337 | D:5      | Slain by an acid dragon

Illustrated notes

Levels and vault maps discovered:
D:1:      nzn_arrival_water_spiral, layout_loops_ring,
          chequers_ecumenical_altar_simple
D:2:      layout_rooms
D:3:      cheibrodos_pilgrimage, layout_loops_cross,
          nicolae_figureground_sparkle, uniq_jessica
D:4:      gammafunk_steamed_eel, layout_loops_ring, mainiacjoe_overflow_alcove_2
D:5:      layout_rooms, grunt_temple_overflow_champion_of_chaos,
          nemelex_diamond_rough_becter, kennysheep_opposing_triangles

Skill      XL: |  1  2  3  4  5  6  7  8 |
---------------+-------------------------+-----
Spellcasting   | 5 6 |  6.0
Invocations    | 1 2 3 |  3.5
Short Blades   | 1 2 3 |  3.2
Long Blades    | 1 2 3 |  3.2
Axes           | 1 2 3 |  3.2
Maces & Flails | 1 2 3 |  3.2
Staves         | 1 2 3 |  3.2
Slings         | 1 2 3 |  3.2
Bows           | 1 2 3 |  3.2
Crossbows      | 1 2 3 |  3.2
Stealth        | 1 2 3 |  3.2
Shields        | 1 2 3 |  3.2
Unarmed Combat | 1 2 3 |  3.2
Evocations     | 1 2 3 |  3.2
Conjurations   | 1 2 |  2.6
Hexes          | 1 2 |  2.6
Summonings     | 1 2 |  2.6
Necromancy     | 1 2 |  2.6
Transmutations | 1 2 |  2.6
Fire Magic     | 1 2 |  2.6
Ice Magic      | 1 2 |  2.6
Air Magic      | 1 2 |  2.6
Earth Magic    | 1 2 |  2.6
Poison Magic   | 1 2 |  2.6
Throwing       | 3 4 |  4.1
Armour         | 3 4 |  4.1
Fighting       | 5 |  5.6
Polearms       | 5 |  5.6
Dodging        | 5 |  5.6
Translocations | 6 |  6.1

Action                   |  1- 3 |  4- 6 |  7- 9 || total
-------------------------+-------+-------+-------++-------
Melee: Spear             |   159 |   175 |    28 ||   362
       Bite              |    14 |    14 |    18 ||    46
       Punch             |     2 |     6 |     7 ||    15
       Dagger            |       |    19 |   116 ||   135
Throw: Dart              |     5 |     9 |     2 ||    16
       Boomerang         |       |     4 |       ||     4
       Throwing net      |       |       |     1 ||     1
 Cast: Blink             |       |     2 |     1 ||     3
 Stab: Sleeping          |     2 |     2 |       ||     4
Armor: Leather armour    |    24 |    20 |    24 ||    68
Dodge: Dodged            |    86 |    73 |    90 ||   249
